 Dungeon Crawl Stone Soup version 0.22.0-21-g8bd1b0a (webtiles) character file.

35 Lew the Skirmisher (level 3, -5/29 HPs)
             Began as a Demonspawn Abyssal Knight on Aug 19, 2018.
             Was a Follower of Lugonu.
             Slain by a scorpion (7 damage)
             ... on level 2 of the Dungeon.
             The game lasted 00:02:56 (1545 turns).

Lew the Skirmisher (Demonspawn Abyssal Knight)      Turns: 1545, Time: 00:02:56

Health: -5/29      AC:  4    Str: 13    XL:     3   Next: 16%
Magic:  4/4        EV: 11    Int: 13    God:    Lugonu [*.....]
Gold:   60         SH:  0    Dex: 12    Spells: 2/2 levels left

rFire    . . .     SeeInvis .   a - +1 falchion
rCold    . . .     Gourm    .   (no shield)
rNeg     . . .     Faith    .   b - +0 leather armour
rPois    .         Spirit   .   i - +0 helmet
rElec    .         Reflect  .   (no cloak)
rCorr    .         Harm     .   (no gloves)
MR       .....                  (no boots)
Stlth    +.........             (no amulet)
HPRegen  0.09/turn              (no ring)
MPRegen  0.09/turn              (no ring)

@: no status effects
A: demonic guardian 1
a: Depart the Abyss, Renounce Religion


You were on level 2 of the Dungeon.
You worshipped Lugonu.
Lugonu was aware of your devotion.
You were not hungry.

You visited 1 branch of the dungeon, and saw 2 of its levels.
You visited the Abyss 1 time.

You collected 60 gold pieces.

Inventory:

Hand Weapons
 a - a +1 falchion (weapon)
Armour
 b - a +0 leather armour (worn)
 i - a +0 helmet (worn)
Scrolls
 d - 2 scrolls of identify
 f - a scroll of noise {unknown}
Potions
 e - a potion of curing
 g - 3 potions of brilliance
 h - a potion of ambrosia {unknown}
Comestibles
 c - 6 rations
 j - 2 chunks of flesh


   Skills:
 + Level 3.5 Fighting
 + Level 2.1 Long Blades
 + Level 2.2 Armour
 + Level 1.4 Dodging
 - Level 2.4 Invocations


You had 2 spell levels left.
You didn't know any spells.
Your spell library was empty.

Dungeon Overview and Level Annotations

Branches:
Dungeon (2/15)

Altars:


Innate Abilities, Weirdness & Mutations

A weak demonic guardian rushes to your aid.


Message History

Your quasit closely misses the scorpion.
Your quasit claws the scorpion but does no damage.
Your quasit closely misses the scorpion.
Your quasit barely misses the scorpion. x2; The scorpion stings your quasit.
Your quasit dies!
You feel better.
You closely miss the scorpion.
The scorpion is heavily wounded.
The scorpion stings you.
You hit the scorpion.
The scorpion is heavily wounded.
The scorpion stings you!
* * * LOW HITPOINT WARNING * * *
You hit the scorpion.
The scorpion is severely wounded.
The scorpion barely misses you.
You hit the scorpion but do no damage.
The scorpion is severely wounded.
The scorpion stings you!
You die...

#... ....# ###... .....
#..... .... ###### ...#
..... #..# ..###
#########5.#
...........#..## #...###
.......s@..#...###.......
..#######..#...........#
#..#...........#
#..#...........#
#..#.....>.....#
#..#...........#.
##.####..#...........#.
.........#.#####.....#.
#.....##.#.# #รท##....


You could see a scorpion and a friendly quasit.

Vanquished Creatures
  An ooze (D:2)
  A leopard gecko (D:1)
  2 giant cockroaches
  3 goblins
  2 hobgoblins (D:1)
  A jackal (D:2)
  A kobold (D:2)
  5 bats
  A frilled lizard (D:2)
  6 rats
23 creatures vanquished.

Vanquished Creatures (collateral kills)
  An adder (D:2)
  A jackal (D:2)
2 creatures vanquished.

Grand Total: 25 creatures vanquished

Notes
Turn   | Place    | Note
-------+----------+-------------------------------------------
     0 | Abyss:1  | Lew the Demonspawn Abyssal Knight began the quest for the Orb.
     0 | Abyss:1  | Reached XP level 1. HP: 18/18 MP: 2/2
     2 | Abyss:1  | Found a basalt altar of Yredelemnul.
    78 | Abyss:1  | Noticed a hellwing
    85 | D:1      | Escaped the Abyss
   231 | D:1      | Reached skill level 1 in Dodging
   525 | D:1      | Gained mutation: A weak demonic guardian rushes to your aid. [demonic ancestry]
   525 | D:1      | Reached XP level 2. HP: 24/24 MP: 3/3
   939 | D:1      | Reached * piety under Lugonu
  1460 | D:2      | Reached XP level 3. HP: 14/29 MP: 4/4
  1528 | D:2      | Noticed a scorpion
  1545 | D:2      | Slain by a scorpion

Skill      XL: |  1  2 |
---------------+-------+-----
Dodging        | 1 |  1.4
Armour         | 2 |  2.2
Long Blades    | 2 |  2.1
Fighting       | |  3.5
Invocations    | |  2.4

Action                   || total
-------------------------++-------
Melee: Falchion          ||    98
Invok: Depart the Abyss  ||     1
  Use: Scroll            ||     3
       Potion            ||     2
  Eat: Chunk             ||     2
Armor: Leather armour    ||    51
Dodge: Dodged            ||    70
       Rpst.: Falchion   ||    20
